 Dungeon Crawl Stone Soup version 0.28-a0-1206-g193881aaa2 (webtiles) character file.

Game seed: 8687897550763971224

6912 oldriver the Cleaver (level 10, -2/95 HPs)
             Began as a Minotaur Berserker on Dec 21, 2021.
             Was an Elder of Trog.
             Slain by a komodo dragon (29 damage)
             ... on level 1 of the Lair of Beasts.
             The game lasted 00:12:50 (11407 turns).

oldriver the Cleaver (Minotaur Berserker)          Turns: 11407, Time: 00:12:51

Health: -2/95      AC:  8    Str: 24    XL:     10   Next: 79%
Magic:  9/9        EV: 14    Int:  6    God:    Trog [****..]
Gold:   411        SH:  0    Dex: 18    Spells: 9/9 levels left

rFire   + + +      SeeInvis +   y - +11 war axe of Gaxiosk {flame, Fly rF+ rC+ Will+}
rCold   + . .      Faith    .   (no shield)
rNeg    . . .      Spirit   .   k - +0 scale mail
rPois   .          Reflect  .   (helmet restricted)
rElec   .          Harm     .   (no cloak)
rCorr   .          Rampage  .   (no gloves)
Will    +....                   (no boots)
Stlth   ..........              (no amulet)
HPRegen 0.25/turn               n - +6 ring of dexterity
MPRegen 0.11/turn               r - ring "Vofuoqo" {rF++ Str+2 SInv}

@: flying
A: horns 2, retaliatory headbutt
a: Renounce Religion, Berserk, Trog's Hand, Brothers in Arms


You were on level 1 of the Lair of Beasts.
You worshipped Trog.
Trog was greatly pleased with you.
You visited 2 branches of the dungeon, and saw 10 of its levels.

You collected 411 gold pieces.

Inventory:

Hand Weapons
 y - the +11 war axe of Gaxiosk (weapon) {flame, Fly rF+ rC+ Will+}
   (You found it on level 8 of the Dungeon)

   It burns those it strikes, dealing additional fire damage.
   Big, fiery blades are also staple armaments of hydra-hunters.
   rF:        It protects you from fire.
   rC:        It protects you from cold.
   Fly:       It grants you flight.
   Will:      It increases your willpower.
Armour
 k - a +0 scale mail (worn)
Jewellery
 i - a ring of protection from cold
 n - a +6 ring of dexterity (left hand)
 r - the ring "Vofuoqo" (right hand) {rF++ Str+2 SInv}
   (You found it on level 8 of the Dungeon)

   [ring of see invisible]

   Str:       It affects your strength (+2).
   rF:        It greatly protects you from fire.
   SInv:      It lets you see invisible.
Wands
 e - a wand of polymorph (8)
 t - a wand of iceblast (8)
 u - a wand of mindburst (14)
Scrolls
 g - 2 scrolls of fog
 h - 2 scrolls of vulnerability
 m - a scroll of magic mapping
 p - 6 scrolls of teleportation
 q - a scroll of blinking
Potions
 c - a potion of brilliance
 d - a potion of attraction
 f - a potion of cancellation
 j - a potion of mutation
 l - a potion of magic
 o - 2 potions of curing
 s - a potion of resistance
 w - 3 potions of haste {unknown}


   Skills:
 * Level 11.1 Fighting
 * Level 13.9 Axes
 + Level 8.0 Armour
 * Level 6.3 Dodging


You had 9 spell levels left.
You didn't know any spells.
Your spell library was empty.

Dungeon Overview and Level Annotations

Branches:
Dungeon (9/15)             Temple (0/1) D:4            Lair (1/6) D:8
    Orc: D:9-12

Altars:
Cheibriados
Dithmenos
Hepliaklqana
Nemelex Xobeh
Ru
Vehumet
Xom
Yredelemnul

Annotations:
D:9 Maurice


Innate Abilities, Weirdness & Mutations

You have a pair of horns on your head.
You reflexively headbutt those who attack you in melee.


Message History

A wolf comes into view.
You slice one of the four-headed hydra's heads off!
The flame cauterises the wound!
You hit the three-headed hydra. You burn the three-headed hydra.
You kill the three-headed hydra!
Trog accepts your kill.
A wolf comes into view.
The wolf misses you.
Your Fighting skill increases to level 11!
Your Armour skill increases to level 8!
The wolf howls!
You hit the wolf. You burn the wolf.
The wolf is lightly wounded.
You hear a howl!
The wolf barely misses you. You furiously retaliate!
You headbutt the wolf! You slash the wolf! You burn the wolf.
You kill the wolf!
Trog accepts your kill.
A wolf comes into view.
You barely miss the komodo dragon. Your headbutt misses the komodo dragon.
You slash the wolf! You burn the wolf. The wolf closely misses you.
The wolf bites you.
You closely miss the wolf.
The wolf is severely wounded.
You slice the wolf!! You burn the wolf.
You kill the wolf!
Trog accepts your kill.
Your scale mail prevents you from hitting the komodo dragon.
The komodo dragon bites you but does no damage.
The wolf bites you. The komodo dragon bites you!! The wolf closely misses you.
You furiously retaliate!
You headbutt the wolf!
You kill the wolf!
Trog accepts your kill.
You are too injured to fight recklessly!
The wolf bites you.
* * * LOW HITPOINT WARNING * * *
There is a staircase back to the Dungeon, spattered with blood here.
The wolf bites you but does no damage. The komodo dragon bites you!!
You die...

........#
...P....#
........####
...........
........ .....
#..# ##l@#
###.h##
##.#...h##
#....?...#
#......††....#
#..............#
#.........^.....
##..........>...
#..............


You could see a komodo dragon and 2 wolves.

Vanquished Creatures
  2 hydras
  A catoblepas (D:8)
  A skeletal warrior (D:8)
  A kobold demonologist (D:6)
  A komodo dragon (D:8)
  A troll (D:8)
  A wyvern (D:8)
  Eustachio (D:5)
  2 wargs (D:8)
  2 water moccasins
  2 ice beasts (D:6)
  2 necrophages (D:6)
  2 orc warriors (D:8)
  A hornet zombie (D:6)
  2 ogres
  3 wolves (Lair:1)
  4 centaurs
  3 kobold brigands (D:6)
  A scorpion (D:5)
  A water moccasin skeleton (D:4)
  10 wights
  A howler monkey (D:8)
  2 centaur zombies
  2 jellies
  A bullfrog zombie (D:6)
  4 hounds
  3 orc priests
  A centaur skeleton (D:7)
  5 iguanas
  8 orc wizards
  A scorpion zombie (D:5)
  A killer bee zombie (D:6)
  A hound zombie (D:5)
  8 adders
  An adder skeleton (D:5)
  A worm (D:3)
  3 dart slugs
  30 orcs
  8 bats
  7 endoplasms
  4 giant cockroaches
  6 goblins
  7 hobgoblins
  9 kobolds
  4 quokkas
  7 ball pythons
  4 frilled lizards
  6 rats
179 creatures vanquished.

Vanquished Creatures (collateral kills)
  A hound (D:5)
1 creature vanquished.

Vanquished Creatures (others)
  A plant (D:8)
1 creature vanquished.

Grand Total: 181 creatures vanquished

Notes
Turn   | Place    | Note
-------+----------+-------------------------------------------
     0 | D:1      | oldriver the Minotaur Berserker began the quest for the
                  | Orb.
     0 | D:1      | Reached XP level 1. HP: 19/19 MP: 0/0
   527 | D:1      | Reached skill level 4 in Axes
   530 | D:1      | Reached XP level 2. HP: 26/27 MP: 1/1
   860 | D:1      | Found a faded altar of an unknown god.
   944 | D:1      | Reached ** piety under Trog
   945 | D:1      | Reached XP level 3. HP: 33/33 MP: 2/2
  2030 | D:3      | Reached XP level 4. HP: 41/41 MP: 3/3
  2059 | D:3      | Reached skill level 5 in Axes
  2272 | D:3      | Found a hazy altar of Hepliaklqana.
  2339 | D:3      | Reached skill level 5 in Fighting
  2449 | D:3      | Reached XP level 5. HP: 24/48 MP: 4/4
  2791 | D:3      | Found a snail-covered altar of Cheibriados.
  3297 | D:3      | Reached *** piety under Trog
  3452 | D:4      | Reached skill level 6 in Axes
  3554 | D:4      | Noticed an ogre
  3558 | D:4      | Killed an ogre
  3559 | D:4      | Reached XP level 6. HP: 56/56 MP: 5/5
  3595 | D:4      | Found a staircase to the Ecumenical Temple.
  3747 | D:4      | Found a sacrificial altar of Ru.
  3774 | D:4      | Reached skill level 7 in Axes
  4160 | D:5      | Entered Level 5 of the Dungeon
  4224 | D:5      | Reached XP level 7. HP: 57/62 MP: 6/6
  4801 | D:5      | Noticed Eustachio
  4981 | D:5      | Killed Eustachio
  4982 | D:5      | Reached skill level 8 in Axes
  5414 | D:5      | Reached XP level 8. HP: 46/71 MP: 7/7
  5886 | D:6      | Reached skill level 9 in Axes
  5976 | D:6      | Reached skill level 5 in Dodging
  6416 | D:6      | Noticed a kobold demonologist
  6420 | D:6      | Noticed a sun demon
  6481 | D:6      | Reached skill level 10 in Axes
  6711 | D:6      | Killed a kobold demonologist
  6713 | D:6      | Reached XP level 9. HP: 44/82 MP: 8/8
  6721 | D:6      | Reached skill level 11 in Axes
  6733 | D:6      | Reached **** piety under Trog
  7314 | D:7      | Found a shadowy altar of Dithmenos.
  7314 | D:7      | Found a sparkling altar of Nemelex Xobeh.
  7335 | D:7      | Found a radiant altar of Vehumet.
  7335 | D:7      | Found a basalt altar of Yredelemnul.
  8174 | D:7      | Found a shimmering altar of Xom.
  8547 | D:7      | Identified the +1 leather armour "Inamojal" {Str+3}
  8878 | D:8      | Reached skill level 12 in Axes
  9078 | D:8      | Noticed a five-headed hydra
  9080 | D:8      | Noticed a troll
  9273 | D:8      | Found a staircase to the Lair.
  9507 | D:8      | Noticed a komodo dragon
  9511 | D:8      | Killed a komodo dragon
  9512 | D:8      | Reached skill level 5 in Armour
 10226 | D:8      | Killed a troll
 10227 | D:8      | Reached skill level 10 in Fighting
 10227 | D:8      | Reached XP level 10. HP: 35/93 MP: 9/9
 10526 | D:8      | Noticed a skeletal warrior
 10531 | D:8      | Noticed a catoblepas
 10554 | D:8      | HP: 6/139 [skeletal warrior (27)]
 10555 | D:8      | Killed a skeletal warrior
 10649 | D:8      | Killed a catoblepas
 10650 | D:8      | Reached skill level 13 in Axes
 10827 | D:8      | Killed a five-headed hydra
 11011 | D:8      | Identified the ring "Vofuoqo" {rF++ Str+2 SInv}
 11017 | D:8      | Identified the +2 spear of Ajuul {vorpal, Dex+6}
 11019 | D:8      | Identified the +11 war axe of Gaxiosk {flame, Fly rF+ rC+
                  | Will+}
 11352 | D:9      | Noticed Maurice
 11392 | Lair:1   | Entered Level 1 of the Lair of Beasts
 11392 | Lair:1   | Noticed a seven-headed hydra
 11399 | Lair:1   | Killed a three-headed hydra
 11407 | Lair:1   | Slain by a komodo dragon

Illustrated notes

Levels and vault maps discovered:
D:1:      matt_arrival_diagonals, layout_loops_ring,
          ebering_ecumenical_altar_mist
D:2:      layout_loops_ring, st_stairs_4, minmay_fractal_squares_gapless_5
D:3:      layout_rooms, cheibriados_altar_1, worldfamousw_hep_ancestral_shrine
D:4:      layout_loops_ring, mainiacjoe_overflow_brackets,
          minmay_temple_entry_hall
D:5:      layout_basic, uniq_eustachio
D:6:      layout_cave_pools
D:7:      layout_loops_cross, mainiacjoe_overflow_cross_hatched,
          grunt_temple_overflow_open
D:8:      layout_loops_ring, erik_lair_orcish_takeover, minmay_diamond_spiral
D:9:      layout_basic, uniq_erolcha, uniq_maurice
Lair:1:   beast_lair_carwin_large_2, layout_cave_pods,
          nicolae_volcano_entry_hallway

Skill      XL: |  1  2  3  4  5  6  7  8  9 10 |
---------------+-------------------------------+-----
Axes           | 4 5 6 7 8 10 12 13 | 13.9
Fighting       | 4 5 6 8 10 11 | 11.1
Dodging        | 3 4 5 6 |  6.3
Armour         | 3 5 8 |  8.0

Action                   |  1- 3 |  4- 6 |  7- 9 | 10-12 || total
-------------------------+-------+-------+-------+-------++-------
Melee: Hand axe          |    87 |   112 |   263 |       ||   462
       Headbutt          |    12 |    25 |    81 |    12 ||   130
       Battleaxe         |       |       |    11 |    20 ||    31
       War axe           |       |       |       |    20 ||    20
       Dire flail        |       |       |       |    12 ||    12
Invok: Berserk           |       |     2 |     4 |     2 ||     8
       Trog's Hand       |       |       |       |     1 ||     1
Evoke: Wand              |       |       |       |     1 ||     1
  Use: Potion            |       |     1 |     3 |     1 ||     5
       Scroll            |       |       |    19 |     1 ||    20
 Stab: Sleeping          |     1 |     1 |       |       ||     2
Armor: Animal skin       |    23 |    13 |     5 |       ||    41
       Scale mail        |       |       |    44 |    18 ||    62
       Skin              |       |       |     1 |       ||     1
Dodge: Dodged            |    76 |    77 |   159 |    33 ||   345

Table legend: (Time is in decaauts)
 A = Elapsed time spent in this place.
 B = Non-inter-level travel time spent in this place.
 C = Inter-level travel time spent in this place.
 D = Time resting spent in this place.
 E = Time spent auto-exploring this place.
 F = Levels seen in this place.
 G = Mean time per level.
                   A        B        C        D        E       F      G
               +--------+--------+--------+--------+--------+-----+--------+
         Total |  11423 |  11111 |    312 |   5264 |   4269 |  10 | 1142.3 |
       Dungeon |  11409 |  11097 |    312 |   5264 |   4269 |   9 | 1267.7 |
          Lair |     13 |     13 |      0 |      0 |      0 |   1 |   13.0 |
               +--------+--------+--------+--------+--------+-----+--------+

Top non-repeatable levels by time:
     D:8: 2236 daAuts
     D:7: 1826 daAuts
     D:5: 1667 daAuts
     D:6: 1473 daAuts
     D:3: 1369 daAuts
     D:1: 1261 daAuts
     D:4: 793 daAuts
     D:2: 766 daAuts
     D:9: 15 daAuts
  Lair:1: 13 daAuts
